 Dungeon Crawl Stone Soup version 0.27.0-1-g7a089689b8 (webtiles) character file.

Game seed: 3164053080015554219

217 lmSkywalker the Magician (level 6, -1/42 HPs)
             Began as a Djinni Fire Elementalist on Aug 2, 2021.
             Was a Believer of Makhleb.
             Slain by an iguana (9 damage)
             ... on level 3 of the Dungeon.
             The game lasted 00:12:06 (5006 turns).

lmSkywalker the Magician (Djinni Fire Elementalist) Turns: 5006, Time: 00:12:07

Health: -1/42      AC:  5    Str:  7    XL:     6   Next: 16%
Gold:   217        EV: 13    Int: 24    God:    Makhleb [**....] SH:  0 Dex: 14

rFire    + + .     SeeInvis .   c - +0 short sword
rCold    x . .     Faith    .   (no shield)
rNeg     . . .     Spirit   .   a - +0 robe
rPois    ∞         Reflect  .   (no helmet)
rElec    .         Harm     .   m - +1 cloak
rCorr    .         Rampage  .   h - +0 pair of gloves
Will     .....                  (boots unavailable)
Stlth    ++........             (no amulet)
HPRegen  0.14/turn              j - +6 ring of intelligence
MPRegen  0.00/turn              (no ring)

@: flying
A: sickness immunity, fire resistance 2, cold vulnerability 1, float, innate
caster, hp casting, extra vitality 1
a: Renounce Religion, Minor Destruction


You were on level 3 of the Dungeon.
You worshipped Makhleb.
Makhleb was pleased with you.
You visited 1 branch of the dungeon, and saw 4 of its levels.

You collected 217 gold pieces.

Inventory:

Hand Weapons
 c - a +0 short sword (weapon)
Missiles
 f - 7 silver javelins
Armour
 a - a +0 robe (worn)
 h - a +0 pair of gloves (worn)
 m - a +1 cloak (worn)
 n - a +0 helmet
Jewellery
 j - a +6 ring of intelligence (left hand)
Scrolls
 d - 3 scrolls of immolation
 e - a scroll of enchant weapon {unknown}
 g - a scroll of noise {unknown}
 i - a scroll of brand weapon {unknown}
 k - a scroll of blinking
Potions
 b - 2 potions of degeneration
 l - a potion of curing {unknown}
 o - a potion of brilliance {unknown}
 p - a potion of resistance {unknown}


   Skills:
 + Level 1.6 Fighting
 + Level 3.0 Dodging
 - Level 1.5 Stealth
 * Level 4.4 Spellcasting


You couldn't memorise any spells.
You knew the following spells:

 Your Spells              Type           Power      Damage    Failure   Level
a - Foxfire               Conj/Fire      100%       2x1d9     1%          1
b - Conjure Flame         Conj/Fire      26%        6-21      4%          3
c - Inner Flame           Hex/Fire       26%        N/A       4%          3
d - Sticky Flame          Conj/Fire      26%        2d5       16%         4
e - Fireball              Conj/Fire      13%        3d7       38%         5
f - Corona                Hex            28%        N/A       1%          1
g - Static Discharge      Conj/Air       26%        N/A       2%          2
Your spell library was empty.

Dungeon Overview and Level Annotations

Branches:
Dungeon (4/15)
 Temple: D:4-7

Altars:
Makhleb
Sif Muna
Wu Jian

Annotations:
D:2 exclusion: ogre


Innate Abilities, Weirdness & Mutations

You are immune to sickness and miasma.
You are immune to poison.
Your flesh is very heat resistant. (rF++)
You are vulnerable to cold. (rC-)
You float through the air rather than walking.
You learn spells naturally, not from books.
Your magical power is your life essence.
You have superior vitality. (+4 HP)


Message History

Item here: a short sword.
The floor.
Found 19 sling bullets.
You now have 217 gold pieces (gained 8).
You see here 19 sling bullets.
You see here 19 sling bullets.
An iguana comes into view.
Casting: Conjure Flame (dangerous; 4% risk of failure)
Confirm with . or Enter, or press ? or * to list all spells.
You conjure some foxfire!
The foxfire hits the iguana.
The iguana is lightly wounded.
Your foxfire dissipates!
Casting: Foxfire (safe; 1% risk of failure)
Confirm with . or Enter, or press ? or * to list all spells.
You conjure some foxfire!
The iguana bites you!
Casting: Foxfire (safe; 1% risk of failure)
Confirm with . or Enter, or press ? or * to list all spells.
You conjure some foxfire!
The foxfire hits the iguana.
The iguana is lightly wounded.
The iguana bites you!
Casting: Foxfire (safe; 1% risk of failure)
Confirm with . or Enter, or press ? or * to list all spells.
You conjure some foxfire!
The foxfire hits the iguana.
The iguana is moderately wounded.
The foxfire hits the iguana but does no damage.
The iguana is moderately wounded.
The foxfire hits the iguana but does no damage.
The iguana is moderately wounded.
The iguana closely misses you.
The foxfire hits the iguana.
The iguana is heavily wounded.
Okay, then.
There is a stone staircase leading up here.
The iguana bites you!
* * * LOW HITPOINT WARNING * * *
You fly upwards.
There is a stone staircase leading down here.
The iguana bites you!
You die...

#####....#####.#.<...
#(..#................
#.#.#.......#..#.....
#.#.#.....#.#.##.#...
#.....#...#.#....#...
#.....#.###.#..###...
#.>..................
#...#l##.##..#...####
#...@>.#####.#####...
##..#.#.#.........####
#.....#.#.....###.#...
#.....#.#..##...#.#<..
#....##.#..#....#.#...
#....##......_........
#....####.#....#..#...
#....# #.#...##..#...
#....## #.###.....#...


You could see an iguana.

Vanquished Creatures
  2 hounds (D:4)
  Crazy Yiuf (D:3)
  5 adders
  A worm (D:2)
  3 dart slugs
  6 bats
  5 endoplasms
  2 giant cockroaches (D:1)
  4 goblins
  9 hobgoblins
  7 jackals
  11 kobolds
  2 quokkas
  7 ball pythons
  9 rats
74 creatures vanquished.

Vanquished Creatures (others)
  249 foxfires
249 creatures vanquished.

Grand Total: 323 creatures vanquished

Notes
Turn   | Place    | Note
-------+----------+-------------------------------------------
     0 | D:1      | lmSkywalker the Djinni Fire Elementalist began the quest
                  | for the Orb.
     0 | D:1      | Reached XP level 1. HP: 15/15 MP: 0/0
   431 | D:1      | Reached XP level 2. HP: 18/21 MP: 0/0
   590 | D:1      | Reached skill level 3 in Spellcasting
   898 | D:1      | Reached XP level 3. HP: 22/25 MP: 0/0
   898 | D:1      | Learned a level 1 spell: Corona
  2274 | D:2      | Found a faded altar of an unknown god.
  2289 | D:2      | Became a worshipper of Makhleb the Destroyer
  2289 | D:2      | Reached * piety under Makhleb
  2440 | D:2      | Reached XP level 4. HP: 28/31 MP: 0/0
  2682 | D:2      | Reached skill level 4 in Spellcasting
  2936 | D:2      | Noticed an ogre
  3528 | D:3      | Reached XP level 5. HP: 33/35 MP: 0/0
  3528 | D:3      | Learned a level 2 spell: Static Discharge
  3546 | D:3      | Found an ornate altar of the Wu Jian Council.
  3848 | D:3      | Reached ** piety under Makhleb
  4115 | D:3      | Found a runed translucent door.
  4116 | D:3      | Noticed Crazy Yiuf
  4133 | D:3      | Killed Crazy Yiuf
  4416 | D:4      | Reached skill level 1 in Fighting
  4574 | D:4      | Reached XP level 6. HP: 36/42 MP: 0/0
  5006 | D:3      | Slain by an iguana

Illustrated notes

Levels and vault maps discovered:
D:1:      lightli_arrival_windingriver, layout_loops_ring, amethyst_killhole
D:2:      layout_basic, ebering_ecumenical_altar_petrified, minmay_circled_x
D:3:      layout_basic, nicolae_overflow_crystal_walls,
          lemuel_coloured_pillars_altar, uniq_crazy_yiuf_cottage
D:4:      layout_loops_corners, minmay_temple_entry_sparse_star,
          item_on_display_a, uniq_pikel

Skill      XL: |  1  2  3  4  5 |
---------------+----------------+-----
Spellcasting   | 3 4 |  4.4
Fighting       | 1 |  1.6
Dodging        | 3 |  3.0
Stealth        | |  1.5

Action                   |  1- 3 |  4- 6 || total
-------------------------+-------+-------++-------
Melee: Short sword       |       |     1 ||     1
 Cast: Foxfire           |    89 |    90 ||   179
       Conjure Flame     |       |     7 ||     7
  Use: Scroll            |       |     3 ||     3
Armor: Robe              |     2 |     1 ||     3
Dodge: Dodged            |     3 |    11 ||    14
